 Dungeon Crawl Stone Soup version 0.28-a0-1087-gf3fc490d9d (webtiles) character file.

Game seed: 8469779577931035309

1389 fragbeetle the Chopper (level 8, -1/71 HPs)
             Began as a Minotaur Fighter on Dec 11, 2021.
             Slain by Harold (7 damage)
             ... on level 8 of the Dungeon.
             The game lasted 00:15:52 (5066 turns).

fragbeetle the Chopper (Minotaur Fighter)           Turns: 5066, Time: 00:15:53

Health: -1/71      AC: 12    Str: 22    XL:     8   Next: 40%
Magic:  8/8        EV: 11    Int:  4    God:
Gold:   598        SH: 11    Dex: 15    Spells: 9/9 levels left

rFire   + + +      SeeInvis .   a - +0 war axe
rCold   . . .      Faith    .   c - +0 buckler
rNeg    . . .      Spirit   .   K - +2 ring mail {rPois}
rPois   +          Reflect  +   (helmet restricted)
rElec   .          Harm     .   t - +1 cloak of Dithmenos's Reproof {rF++ Int-3 Dex+2}
rCorr   .          Rampage  .   C - +0 pair of gloves
Will    .....                   (no boots)
Stlth   +.........              w - amulet of reflection
HPRegen 0.21/turn               i - ring of protection from fire
MPRegen 0.11/turn               j - ring of Kykhluriut {Wiz Dex+4}

@: marked, hasted, very quick
A: horns 2, retaliatory headbutt
a: no special abilities


You were on level 8 of the Dungeon.
You visited 1 branch of the dungeon, and saw 8 of its levels.
You also visited: Sewer.

You collected 1188 gold pieces.
You spent 590 gold pieces at shops.

Inventory:

Hand Weapons
 a - a +0 war axe (weapon)
Missiles
 e - a throwing net (quivered)
 B - 3 boomerangs
Armour
 b - a +0 scale mail
 c - a +0 buckler (worn)
 t - the +1 cloak of Dithmenos's Reproof (worn) {rF++ Int-3 Dex+2}
   (You found it on level 5 of the Dungeon)

   Int:       It affects your intelligence (-3).
   Dex:       It affects your dexterity (+2).
   rF:        It greatly protects you from fire.
 C - a +0 pair of gloves (worn)
 K - a +2 ring mail of poison resistance (worn)
 L - a +0 pair of boots
Jewellery
 i - a ring of protection from fire (left hand)
 j - the ring of Kykhluriut (right hand) {Wiz Dex+4}
   (You acquired it on level 3 of the Dungeon)

   [ring of wizardry]

   It improves your spell success rate.
   Dex:       It affects your dexterity (+4).
 o - a ring of wizardry
 w - an amulet of reflection (around neck)
Wands
 r - a wand of flame (20)
 A - a wand of polymorph (8)
 E - a wand of charming (6)
Scrolls
 f - 2 scrolls of magic mapping
 h - 3 scrolls of teleportation
 m - 2 scrolls of enchant armour
 p - 2 scrolls of immolation
 q - a scroll of noise
 s - 2 scrolls of amnesia
 v - a scroll of enchant weapon {unknown}
 x - 2 scrolls of holy word
 y - 2 scrolls of vulnerability
 z - a scroll of fog {unknown}
 D - a scroll of fear
 H - a scroll of torment {unknown}
 J - a scroll of summoning {unknown}
 M - a scroll of brand weapon {unknown}
Potions
 d - a potion of haste
 g - 2 potions of invisibility
 k - a potion of flight
 l - a potion of degeneration
 n - 2 potions of brilliance
 u - a potion of magic
 F - a potion of resistance {unknown}
 G - 2 potions of attraction
 I - a potion of mutation {unknown}


   Skills:
 * Level 6.6 Fighting
 + Level 7.6 Axes
 + Level 6.3 Armour
 + Level 2.1 Dodging
 * Level 6.4 Shields
 + Level 0.3 Unarmed Combat
 + Level 1.0 Spellcasting


You had 9 spell levels left.
You didn't know any spells.
Your spell library contained the following spells:

 Spells                   Type           Power      Damage    Failure   Level
 Freeze                   Ice            0%         1d3       30%         1
 Summon Small Mammal      Summ           0%         N/A       30%         1
 Call Canine Familiar     Summ           0%         N/A       65%         3
 Frozen Ramparts          Ice            0%         1d2       65%         3
 Ozocubu's Armour         Ice            0%         N/A       65%         3
 Summon Guardian Golem    Hex/Summ       0%         N/A       65%         3
 Hailstorm                Conj/Ice       0%         3d3       95%         4
 Metabolic Englaciation   Hex/Ice        0%         N/A       100%        5
 Simulacrum               Ice/Necr       0%         N/A       100%        6


Dungeon Overview and Level Annotations

Branches:
Dungeon (8/15)              Sewer (visited)
 Temple: D:4-7         Lair: D:8-11

Altars:
Elyvilon

Shops:
D:3 *   D:6 ?*

Annotations:
D:4 Eustachio
D:8 Harold


Innate Abilities, Weirdness & Mutations

You have a pair of horns on your head.
You reflexively headbutt those who attack you in melee.


Message History

You hit Harold. You headbutt Harold, but do no damage.
Harold is moderately wounded.
Harold gestures at you while chanting. A sentinel's mark forms upon you.
You hit Harold. Your headbutt misses Harold.
Harold is moderately wounded.
Harold hits you with a +1 trident of protection!
* * * LOW HITPOINT WARNING * * *
You hit Harold but do no damage.
Harold is moderately wounded.
You hit Harold.
Harold is moderately wounded.
Harold casts a spell at you. The mark upon you grows brighter.
Your ring mail prevents you from hitting Harold.
Harold is moderately wounded.
Harold completely misses you.
You barely miss Harold.
Harold is moderately wounded.
Harold hits you but does no damage.
You hit Harold.
Harold is heavily wounded.
You slash Harold!
Harold is heavily wounded.
You block Harold's attack.
You barely miss Harold. You headbutt Harold.
Harold is heavily wounded.
Harold gestures at you while chanting. The mark upon you grows brighter.
You hit Harold but do no damage. You headbutt Harold.
Harold is severely wounded.
Harold hits you with a +1 trident of protection!
* * * LOW HITPOINT WARNING * * *
You hit Harold but do no damage. You headbutt Harold, but do no damage.
Harold is severely wounded.
You slash Harold! You headbutt Harold.
Harold is severely wounded.
Harold considers, "I think I'll use your bounty to get a horse ranch..."
Harold hits you with a +1 trident of protection!
You die...

##### .....
#...#.# #...#$#
#...#.# #...#.#
+@..#.# #@##.#
#....# #.#..####
#.#..##.#
###..##.#
#.....#
###.##.######
#...........#.#
#.#.............


You could see Harold.

Vanquished Creatures
  A hornet (D:8)
  A steam dragon (D:6)
  A water moccasin (D:6)
  Pargi (Sewer)
  An ice beast (D:6)
  2 sky beasts
  An ogre (D:5)
  2 scorpions
  A howler monkey (D:5)
  An orc priest (D:7)
  A hound (D:5)
  A bullfrog skeleton (D:6)
  An iguana (D:3)
  A scorpion zombie (D:5)
  A killer bee zombie (D:6)
  A hound zombie (D:5)
  A howler monkey zombie (D:6)
  A howler monkey skeleton (D:7)
  A river rat (D:3)
  4 adders
  A shadow imp (D:6)
  3 worms
  2 dart slugs (D:3)
  4 orcs
  8 endoplasms
  3 giant cockroaches
  6 goblins
  5 hobgoblins
  3 jackals (D:5)
  6 kobolds
  7 quokkas
  5 ball pythons
  A ball python skeleton (D:3)
  10 bats
  12 frilled lizards
  9 rats
110 creatures vanquished.

Notes
Turn   | Place    | Note
-------+----------+-------------------------------------------
     0 | D:1      | fragbeetle the Minotaur Fighter began the quest for the
                  | Orb.
     0 | D:1      | Reached XP level 1. HP: 19/19 MP: 0/0
   218 | D:1      | Reached XP level 2. HP: 26/27 MP: 1/1
   663 | D:1      | Reached XP level 3. HP: 33/33 MP: 2/2
  1375 | D:2      | Reached skill level 3 in Axes
  1629 | D:3      | Reached XP level 4. HP: 38/40 MP: 3/3
  1784 | D:3      | Found a glowing drain.
  1790 | Sewer    | Entered a sewer
  1821 | Sewer    | Noticed Pargi
  1837 | Sewer    | Killed Pargi
  1838 | Sewer    | Reached skill level 5 in Armour
  1838 | Sewer    | Reached skill level 1 in Spellcasting
  1838 | Sewer    | Reached XP level 5. HP: 9/47 MP: 3/5
  2438 | D:3      | Reached skill level 4 in Axes
  2455 | D:3      | Found Gadd's General Store.
  2466 | D:3      | Bought a scroll of identify for 22 gold pieces
  2466 | D:3      | Bought a potion of brilliance for 44 gold pieces
  2472 | D:3      | Identified 2 scrolls of acquirement
  2474 | D:3      | Acquired 837 gold pieces
  2481 | D:3      | Bought a potion of invisibility for 88 gold pieces
  2489 | D:3      | Acquired the ring of Kykhluriut {Wiz Dex+4}
  2841 | D:4      | Reached skill level 1 in Dodging
  2841 | D:4      | Reached XP level 6. HP: 44/55 MP: 6/6
  2948 | D:4      | Noticed Eustachio
  2964 | D:5      | Entered Level 5 of the Dungeon
  2970 | D:5      | Identified the +1 cloak of Dithmenos's Reproof {rF++ Int-3
                  | Dex+2}
  2983 | D:5      | Reached skill level 5 in Fighting
  3161 | D:5      | Found a white marble altar of Elyvilon.
  3354 | D:5      | Reached skill level 5 in Axes
  3532 | D:6      | Reached XP level 7. HP: 61/61 MP: 7/7
  3532 | D:6      | Noticed a steam dragon
  3539 | D:6      | Killed a steam dragon
  3540 | D:6      | Reached skill level 5 in Shields
  3603 | D:6      | Reached skill level 6 in Axes
  3805 | D:6      | Found Soagaym's Magic Scroll Boutique.
  3810 | D:6      | Bought 2 scrolls of identify for 60 gold pieces
  3810 | D:6      | Bought a scroll of identify for 30 gold pieces
  3812 | D:6      | Bought a scroll of holy word for 112 gold pieces
  3812 | D:6      | Bought a scroll of fear for 52 gold pieces
  3812 | D:6      | Bought a scroll of teleportation for 45 gold pieces
  4137 | D:6      | Reached XP level 8. HP: 70/70 MP: 8/8
  4256 | D:6      | Found Noihaet's General Store.
  4259 | D:6      | Bought a scroll of identify for 22 gold pieces
  4259 | D:6      | Bought a potion of attraction for 33 gold pieces
  4259 | D:6      | Bought a scroll of vulnerability for 82 gold pieces
  4619 | D:7      | Reached skill level 7 in Axes
  4989 | D:8      | Noticed a hornet
  5003 | D:8      | Killed a hornet
  5045 | D:8      | Noticed Harold
  5066 | D:8      | Slain by Harold

Illustrated notes

Levels and vault maps discovered:
D:1:      mrwooster_arrival_statue_2, layout_basic, chequers_hall_statues_y,
          corexii_leaking_fountain, glass_columns_b
D:2:      layout_basic, nicolae_figureground_pulse
D:3:      minmay_angry_zag, layout_basic, gup_sewer_entry_bubbles, serial_shops,
          nicolae_diamond_shop, st_stairs_7, grunt_decor_fettered
D:4:      layout_loops_ring, minmay_temple_entry_antechambers, uniq_pikel,
          uniq_eustachio, uniq_menkaure
D:5:      layout_basic, elyvilon_altar_1
D:6:      layout_basic, serial_shops, nicolae_shop_behind_doors,
          nicolae_shop_statue_plus
D:7:      layout_basic
D:8:      layout_basic, dpeg_lair_monsters,
          nicolae_ossuary_entry_false_entrances, grunt_decor_one_mirror,
          uniq_psyche, uniq_harold

Skill      XL: |  1  2  3  4  5  6  7  8 |
---------------+-------------------------+-----
Armour         | 4 5 6 |  6.3
Shields        | 4 5 6 |  6.4
Fighting       | 4 5 6 |  6.6
Axes           | 3 4 5 6 7 |  7.6
Spellcasting   | 1 |  1.0
Dodging        | 1 2 |  2.1
Unarmed Combat | |  0.3

Action                   |  1- 3 |  4- 6 |  7- 9 || total
-------------------------+-------+-------+-------++-------
Melee: War axe           |   120 |   122 |    68 ||   310
       Headbutt          |    15 |    23 |    13 ||    51
       Unarmed           |       |       |     7 ||     7
  Use: Potion            |       |     1 |     2 ||     3
       Scroll            |       |     8 |     5 ||    13
Armor: Scale mail        |    51 |    44 |     9 ||   104
       Ring mail         |       |       |     8 ||     8
Dodge: Dodged            |    53 |    49 |    20 ||   122
Block: Buckler           |    17 |    35 |    31 ||    83
       Other             |       |       |     1 ||     1

Table legend: (Time is in decaauts)
 A = Elapsed time spent in this place.
 B = Non-inter-level travel time spent in this place.
 C = Inter-level travel time spent in this place.
 D = Time resting spent in this place.
 E = Time spent auto-exploring this place.
 F = Levels seen in this place.
 G = Mean time per level.
                   A        B        C        D        E       F      G
               +--------+--------+--------+--------+--------+-----+--------+
         Total |   5204 |   5063 |    141 |    744 |   2948 |   9 |  578.2 |
       Dungeon |   4669 |   4528 |    141 |    391 |   2948 |   8 |  583.6 |
         Sewer |    534 |    534 |      0 |    353 |      0 |   1 |  534.0 |
               +--------+--------+--------+--------+--------+-----+--------+

Top non-repeatable levels by time:
     D:1: 1098 daAuts
     D:6: 824 daAuts
     D:3: 761 daAuts
     D:7: 634 daAuts
     D:2: 553 daAuts
     D:5: 543 daAuts
   Sewer: 534 daAuts
     D:4: 140 daAuts
     D:8: 113 daAuts
